 Dungeon Crawl Stone Soup version 0.22-a0-785-g6253c82ace (webtiles) character file.

44 Bapho the Sneak (level 3, -1/32 HPs)
             Began as a Naga Warper on July 19, 2018.
             Slain by an adder (3 damage)
             ... on level 2 of the Dungeon.
             The game lasted 00:02:42 (2163 turns).

Bapho the Sneak (Naga Warper)                       Turns: 2163, Time: 00:02:42

Health: -1/32      AC:  3    Str: 13    XL:     3   Next: 62%
Magic:  6/6        EV:  8    Int: 13    God:
Gold:   91         SH:  0    Dex: 11    Spells: 6/6 levels left

rFire    . . .     SeeInvis +   a - +0 spear
rCold    . . .     Gourm    .   (no shield)
rNeg     . . .     Faith    .   j - +0 ring mail (curse)
rPois    +         Spirit   .   (no helmet)
rElec    .         Reflect  .   (no cloak)
rCorr    .         Harm     .   (no gloves)
MR       .....                  (no barding)
Stlth    ++........             (no amulet)
HPRegen  0.10/turn              (no ring)
MPRegen  0.10/turn              (no ring)

@: lethally poisoned (-1 -> -5), short of breath, very slow
A: large, see invisible, deformed body, poison resistance, slowness 2, slow
metabolism 1, spit poison 1, AC +1
a: Spit Poison


You were on level 2 of the Dungeon.
You were hungry.

You visited 1 branch of the dungeon, and saw 2 of its levels.

You collected 91 gold pieces.

Inventory:

Hand Weapons
 a - a +0 spear (weapon)
Missiles
 c - 53 stones (quivered)
Armour
 b - a +0 leather armour
 j - a cursed +0 ring mail (worn)
Jewellery
 i - an uncursed amulet of regeneration {unknown}
 k - a cursed -2 ring of protection {unknown}
Scrolls
 d - 3 scrolls of blinking
 g - 2 scrolls of remove curse {unknown}
 h - a scroll of enchant armour {unknown}
 l - a scroll of teleportation {unknown}
Comestibles
 f - 2 rations
 n - 2 chunks of flesh


   Skills:
 - Level 2.3 Fighting
 - Level 2.6 Polearms
 - Level 0.8 Throwing
 - Level 0.7 Armour
 - Level 1.5 Dodging
 + Level 3.7 Stealth
 - Level 2.0 Spellcasting
   Level 3.0 Translocations


You had 6 spell levels left.
You didn't know any spells.
Your spell library contained the following spells:

 Spells                   Type           Power        Failure   Level  Hunger
 Teleport Other           Tloc           #.......     43%         3    ####...
 Blink                    Tloc           N/A          24%         2    ###....
 Passage of Golubria      Tloc           N/A          83%         4    #####..
 Shroud of Golubria       Chrm/Tloc      #.........   41%         2    ###....
 Gell's Gravitas          Tloc           #.........   43%         3    ####...
 Lesser Beckoning         Tloc           #.........   43%         3    ####...


Dungeon Overview and Level Annotations

Branches:
Dungeon (2/15)

Altars:


Innate Abilities, Weirdness & Mutations

You cannot wear boots.
Your serpentine skin is tough. (AC +1)
You have supernaturally acute eyesight. (SInv)
Armour fits poorly on your strangely shaped body.
Your system is resistant to poisons. (rPois)
You cover ground very slowly.
You have a slow metabolism.
You can spit poison.


Message History

You hit the adder.
The adder is severely wounded.
You feel sick. The adder bites you but does no damage. The adder bites you.
* * * LOW HITPOINT WARNING * * *
Press: ? - help, Shift-Dir - straight line, f - adder
Aim: an adder (severely wounded)
The splash of poison hits the adder.
The adder appears unharmed.
The adder is severely wounded.
You feel slightly more hungry. The adder barely misses you.
It was a potion of brilliance.
You feel clever all of a sudden.
* * * LOW HITPOINT WARNING * * *
You feel sick. The adder bites you.
* * * LOW HITPOINT WARNING * * *
It was a potion of cancellation.
Your magical effects are unravelling.
You feel magically purged.
You feel a little less clever now. The adder bites you.
You die...

#### # # ################
## ####............... .##
##...#...#...#...#..
..###...................
..##.....#...#..S#...#..
#..#............@.......
...#.....###############
#.................##
..)#...............#
...##............#.#######
######..........##.......##
###################..# ##.#
#.#


You could see an adder.

Vanquished Creatures
  An adder (D:2)
  A dart slug (D:1)
  A leopard gecko (D:2)
  3 giant cockroaches
  4 goblins
  5 hobgoblins (D:1)
  3 bats
  9 kobolds
  2 rats (D:2)
29 creatures vanquished.

Notes
Turn   | Place    | Note
-------+----------+-------------------------------------------
     0 | D:1      | Bapho the Naga Warper began the quest for the Orb.
     0 | D:1      | Reached XP level 1. HP: 19/19 MP: 3/3
   425 | D:1      | Reached XP level 2. HP: 1/26 MP: 5/5
  1244 | D:1      | Reached skill level 1 in Stealth
  1395 | D:1      | Reached XP level 3. HP: 24/32 MP: 6/6
  2163 | D:2      | Slain by an adder

Vault maps used:
D:1:      roderic_crop_circles_arrival_small
D:2:      lemuel_coloured_pillars_altar, serial_glass, glass_columns_b,
          glass_columns_a, feat_on_display, minmay_strange_pillars,
          due_unseen_surprise

Skill      XL: |  1  2  3 |
---------------+----------+-----
Stealth        | 2 3 |  3.7
Fighting       | |  2.3
Polearms       | |  2.6
Throwing       | |  0.8
Armour         | |  0.7
Dodging        | |  1.5
Spellcasting   | |  2.0
Translocations | |  3.0

Action                   || total
-------------------------++-------
Melee: Spear             ||   124
Throw: Stone             ||    42
       Tomahawk          ||     5
 Abil: Spit Poison       ||     3
  Use: Potion            ||     2
 Stab: Sleeping          ||     1
  Eat: Chunk             ||     2
Armor: Leather armour    ||    13
       Ring mail         ||    10
Dodge: Dodged            ||    47

Table legend:
 A = Spawn XP
 B = Non-spawn XP
 C = Spawn XP percentage of total XP
 D = Spawn monster count
 E = Non-spawn monster count
 F = Spawn count percentage of total count
 G = Total turns spent on level
                    A         B        C        D         E        F      G
               +---------+---------+-------+---------+---------+-------+---------
         Total |       0 |      64 |   0.0 |       0 |      29 |   0.0 |  2163
               +---------+---------+-------+---------+---------+-------+---------
           D:1 |       0 |      38 |   0.0 |       0 |      21 |   0.0 |  1915
           D:2 |       0 |      26 |   0.0 |       0 |       8 |   0.0 |   248
               +---------+---------+-------+---------+---------+-------+---------
